PCL
SANTA MONICA BRUINS @ VANCOUVER VIPERS
08/21/2026
 
TOP OF THE 1ST
Santa Monica Bruins batting - Pitching for Vancouver Vipers : LHP Greg Taylor
Pitching: LHP Greg Taylor
Batting: RHB Griswold Coleman 0-0: Called Strike
0-1: Ball
1-1: Called Strike
1-2: Fly out, F7 (Line Drive, 7D)
Batting: RHB Carlos García 0-0: Ball
1-0: Called Strike
1-1: Foul Ball, location: 2F
1-2: Fly out, F9 (Flyball, 9D)
Batting: RHB Phil White 0-0: Ground out 6-3 (Groundball, 6M)
Top of the 1st over - 0 run(s), 0 hit(s), 0 error(s), 0 left on base; Santa Monica 0 - Vancouver 0
BOTTOM OF THE 1ST
Vancouver Vipers batting - Pitching for Santa Monica Bruins : RHP Mario Chávez
Pitching: RHP Mario Chávez
Batting: RHB Lorenzo González 0-0: Ball
1-0: Foul Ball, location: 2F
1-1: Foul Ball, location: 2F
1-2: Ball
2-2: Foul Ball, location: 2F
2-2: Ground out 1-3 (Groundball, 15)
Batting: SHB Richard Bowman 0-0: DOUBLE (Groundball, 3L)
Batting: LHB Larry Howard 0-0: Fly out, F5 (Popup, 5F)
Batting: RHB Salvador Medine 0-0: Ball
1-0: Ball
2-0: Ball
3-0: Base on Balls
Batting: RHB Steve Bender 0-0: Ball
1-0: Foul Ball, location: 2F
1-1: Called Strike
1-2: Ball
2-2: Ball
3-2: Base on Balls
Richard Bowman to third
Salvador Medine to second
Batting: LHB Malcolm Thomas 0-0: Called Strike
0-1: Foul Ball, location: 2F
0-2: Strikes out swinging
Bottom of the 1st over - 0 run(s), 1 hit(s), 0 error(s), 3 left on base; Santa Monica 0 - Vancouver 0
TOP OF THE 2ND
Santa Monica Bruins batting - Pitching for Vancouver Vipers : LHP Greg Taylor
Batting: LHB Ray Bryant 0-0: Ball
1-0: Swinging Strike
1-1: Ball
2-1: Ground out U3 (Groundball, 3)
Batting: RHB Luis Martínez 0-0: Ball
1-0: Ball
2-0: Called Strike
2-1: Swinging Strike
2-2: Foul Ball, location: 2F
2-2: Foul Ball, location: 2F
2-2: Fly out, F7 (Flyball, 7D)
Batting: LHB Harry Pitts 0-0: SINGLE (Groundball, 5D)
Batting: RHB Armando Colón 0-0: Ball
1-0: Called Strike
1-1: DOUBLE (Line Drive, 7LM)
Harry Pitts to third
Runner from 3rd tries for Home, throw and OUT!
Top of the 2nd over - 0 run(s), 2 hit(s), 0 error(s), 1 left on base; Santa Monica 0 - Vancouver 0
BOTTOM OF THE 2ND
Vancouver Vipers batting - Pitching for Santa Monica Bruins : RHP Mario Chávez
Batting: RHB Alfredo Hernández 0-0: Ground out 4-3 (Groundball, 4M)
Batting: LHB Katsumi Morishita 0-0: Reached on error, E6 (Groundball, 6)
Batting: RHB Oscar Rudd 0-0: Ball
1-0: Ball
2-0: Ground out 1-3 (Groundball, 15)
Batting: RHB Lorenzo González 0-0: Foul Ball, location: 2F
0-1: Swinging Strike
0-2: Ball
1-2: Strikes out swinging
Bottom of the 2nd over - 0 run(s), 0 hit(s), 1 error(s), 1 left on base; Santa Monica 0 - Vancouver 0
TOP OF THE 3RD
Santa Monica Bruins batting - Pitching for Vancouver Vipers : LHP Greg Taylor
Batting: RHB Fletcher Reed 0-0: Ball
1-0: Called Strike
1-1: Ball
2-1: Ground out 4-3 (Groundball, 4)
Batting: LHB Victor Howard 0-0: Ball
1-0: Swinging Strike
1-1: Foul Ball, location: 2F
1-2: Ball
2-2: Fly out, F6 (Popup, 5F)
Batting: RHB Griswold Coleman 0-0: Ball
1-0: Ball
2-0: Ball
3-0: Base on Balls
Batting: RHB Carlos García 0-0: Ground out 5-3 (Groundball, 56S)
Top of the 3rd over - 0 run(s), 0 hit(s), 0 error(s), 1 left on base; Santa Monica 0 - Vancouver 0
BOTTOM OF THE 3RD
Vancouver Vipers batting - Pitching for Santa Monica Bruins : RHP Mario Chávez
Batting: SHB Richard Bowman 0-0: Foul Ball, location: 2F
0-1: Ball
1-1: Swinging Strike
1-2: Ball
2-2: Strikes out swinging
Batting: LHB Larry Howard 0-0: Ball
1-0: Called Strike
1-1: Ball
2-1: Called Strike
2-2: Strikes out swinging
Batting: RHB Salvador Medine 0-0: Foul Ball, location: 2F
0-1: Ball
1-1: Foul Ball, location: 2F
1-2: Foul Ball, location: 2F
1-2: Foul Ball, location: 2F
1-2: Ball
2-2: Foul Ball, location: 2F
2-2: Ball
3-2: Ground out 2-3 (Groundball, 2L)
Bottom of the 3rd over - 0 run(s), 0 hit(s), 0 error(s), 0 left on base; Santa Monica 0 - Vancouver 0
TOP OF THE 4TH
Santa Monica Bruins batting - Pitching for Vancouver Vipers : LHP Greg Taylor
Batting: RHB Phil White 0-0: Foul Ball, location: 2F
0-1: Ball
1-1: Called Strike
1-2: Ball
2-2: SOLO HOME RUN (Flyball, 7LD), Distance : 378 ft
Batting: LHB Ray Bryant 0-0: SOLO HOME RUN (Line Drive, 89XD), Distance : 432 ft
Batting: RHB Luis Martínez 0-0: Fly out, F8 (Flyball, 8LD)
Batting: LHB Harry Pitts 0-0: Ball
1-0: Fly out, F8 (Flyball, 8LXD)
Batting: RHB Armando Colón 0-0: Ball
1-0: DOUBLE (Line Drive, 7LD)
Batting: RHB Fletcher Reed 0-0: Fly out, F8 (Flyball, 8LS)
Top of the 4th over - 2 run(s), 3 hit(s), 0 error(s), 1 left on base; Santa Monica 2 - Vancouver 0
BOTTOM OF THE 4TH
Vancouver Vipers batting - Pitching for Santa Monica Bruins : RHP Mario Chávez
Batting: RHB Steve Bender 0-0: Ball
1-0: Called Strike
1-1: Ball
2-1: SINGLE (Groundball, 34D) (infield hit)
Batting: LHB Malcolm Thomas 0-0: Called Strike
0-1: Ball
1-1: Foul Ball, location: 2F
1-2: Ball
2-2: Strikes out swinging
Batting: RHB Alfredo Hernández 0-0: SINGLE (Line Drive, 9LS)
Steve Bender to second
Batting: LHB Katsumi Morishita 0-0: Called Strike
0-1: Foul Ball, location: 2F
0-2: DOUBLE (Flyball, 78XD)
Steve Bender scores
Alfredo Hernández to third
Batting: RHB Oscar Rudd 0-0: Ball
1-0: Called Strike
1-1: Swinging Strike
1-2: Ball
2-2: Ball
3-2: Fly out, F7 (Flyball, 78M)
Runner from 3rd tags up, SCORES, throw made
Batting: RHB Lorenzo González 0-0: Intentional Walk
Batting: SHB Richard Bowman 0-0: Called Strike
0-1: Foul Ball, location: 2F
0-2: Foul Ball, location: 2F
0-2: Ball
1-2: Ball
2-2: Ground out 4-3 (Groundball, 4)
Bottom of the 4th over - 2 run(s), 3 hit(s), 0 error(s), 2 left on base; Santa Monica 2 - Vancouver 2
TOP OF THE 5TH
Santa Monica Bruins batting - Pitching for Vancouver Vipers : LHP Greg Taylor
Batting: LHB Victor Howard 0-0: Ball
1-0: SINGLE (Groundball, 4MD)
Batting: RHB Griswold Coleman 0-0: Ball
1-0: Called Strike
1-1: Swinging Strike
1-2: Ball
2-2: Ball
3-2: Foul Ball, location: 2F
3-2: Base on Balls
Victor Howard to second
Batting: RHB Carlos García 0-0: Foul Ball, location: 2F
0-1: Ball
1-1: Grounds into double play, 4-6-3 (Groundball, 4)
Victor Howard to third
Batting: RHB Phil White 0-0: Called Strike
0-1: Foul Ball, location: 2F
0-2: Ball
1-2: Strikes out swinging
Top of the 5th over - 0 run(s), 1 hit(s), 0 error(s), 1 left on base; Santa Monica 2 - Vancouver 2
BOTTOM OF THE 5TH
Vancouver Vipers batting - Pitching for Santa Monica Bruins : RHP Mario Chávez
Batting: LHB Larry Howard 0-0: Called Strike
0-1: Ball
1-1: Ball
2-1: Foul Ball, location: 2F
2-2: Ground out 4-3 (Groundball, 4)
Batting: RHB Salvador Medine 0-0: Ball
1-0: Foul Ball, location: 2F
1-1: SINGLE (Flyball, 7S)
Batting: RHB Steve Bender 0-0: Ball
1-0: Foul Ball, location: 2F
1-1: Ball
2-1: SINGLE (Groundball, 34S)
Salvador Medine to second
Runner from 2nd tries for 3rd, SAFE, throw made to third
Batting: LHB Malcolm Thomas 0-0: Foul Ball, location: 2F
0-1: Foul Ball, location: 2F
0-2: Strikes out swinging
Batting: RHB Alfredo Hernández 0-0: 3-RUN HOME RUN (Line Drive, 9LD), Distance : 359 ft
Batting: LHB Katsumi Morishita 0-0: Ball
1-0: Fly out, F5 (Line Drive, 5L)
Bottom of the 5th over - 3 run(s), 3 hit(s), 0 error(s), 0 left on base; Santa Monica 2 - Vancouver 5
TOP OF THE 6TH
Santa Monica Bruins batting - Pitching for Vancouver Vipers : LHP Greg Taylor
Batting: LHB Ray Bryant 0-0: Ball
1-0: Ball
2-0: Called Strike
2-1: Ball
3-1: Foul Ball, location: 2F
3-2: Strikes out swinging
Batting: RHB Luis Martínez 0-0: Ball
1-0: Ball
2-0: Foul Ball, location: 2F
2-1: Swinging Strike
2-2: Strikes out looking
Batting: LHB Harry Pitts 0-0: Ball
1-0: Ball
2-0: Called Strike
2-1: Ground out 6-3 (Groundball, 6)
Top of the 6th over - 0 run(s), 0 hit(s), 0 error(s), 0 left on base; Santa Monica 2 - Vancouver 5
BOTTOM OF THE 6TH
Vancouver Vipers batting - Pitching for Santa Monica Bruins : RHP Mario Chávez
Batting: RHB Oscar Rudd 0-0: Ball
1-0: Ball
2-0: Fly out, F7 (Line Drive, 7M)
Batting: RHB Lorenzo González 0-0: Ball
1-0: Called Strike
1-1: Foul Ball, location: 2F
1-2: Strikes out looking
Batting: SHB Richard Bowman 0-0: Foul Ball, location: 2F
0-1: Ball
1-1: Foul Ball, location: 2F
1-2: Foul Ball, location: 2F
1-2: Foul Ball, location: 2F
1-2: Ball
2-2: Foul Ball, location: 2F
2-2: Ball
3-2: Foul Ball, location: 2F
3-2: Base on Balls
Pitching: RHP Esteban Gonzáles
Batting: LHB Larry Howard 0-0: Called Strike
0-1: Fly out, F4 (Popup, 4)
Bottom of the 6th over - 0 run(s), 0 hit(s), 0 error(s), 1 left on base; Santa Monica 2 - Vancouver 5
TOP OF THE 7TH
Santa Monica Bruins batting - Pitching for Vancouver Vipers : LHP Greg Taylor
Pitching: RHP Augusto Herrera
Batting: RHB Armando Colón 0-0: Ball
1-0: Foul Ball, location: 2F
1-1: Called Strike
1-2: Foul Ball, location: 2F
1-2: Strikes out swinging
Pitching: RHP Don Barnes
Batting: RHB Fletcher Reed 0-0: Ball
1-0: Called Strike
1-1: Ground out 5-3 (Groundball, 6)
Batting: LHB Victor Howard 0-0: Ball
1-0: Ball
2-0: Ball
3-0: Foul Ball, location: 2F
3-1: Base on Balls
Batting: RHB Griswold Coleman 0-0: Called Strike
0-1: Ball
1-1: Called Strike
1-2: Ball
2-2: Ball
3-2: Ground out 5-3 (Groundball, 5S)
Top of the 7th over - 0 run(s), 0 hit(s), 0 error(s), 1 left on base; Santa Monica 2 - Vancouver 5
BOTTOM OF THE 7TH
Vancouver Vipers batting - Pitching for Santa Monica Bruins : RHP Esteban Gonzáles
Batting: RHB Salvador Medine 0-0: Called Strike
0-1: Ball
1-1: Ground out 5-3 (Groundball, 5L)
Batting: RHB Steve Bender 0-0: SINGLE (Flyball, 9S)
Batting: LHB Malcolm Thomas 0-0: Foul Ball, location: 2F
0-1: Ball
1-1: Ball
2-1: Ball
3-1: Grounds into double play, 4-6-3 (Groundball, 4)
Bottom of the 7th over - 0 run(s), 1 hit(s), 0 error(s), 0 left on base; Santa Monica 2 - Vancouver 5
TOP OF THE 8TH
Santa Monica Bruins batting - Pitching for Vancouver Vipers : RHP Don Barnes
Batting: RHB Carlos García 0-0: Foul Ball, location: 2F
0-1: Swinging Strike
0-2: Foul Ball, location: 2F
0-2: Ball
1-2: Ball
2-2: Ball
3-2: Strikes out swinging
Batting: RHB Phil White 0-0: Ball
1-0: Fly out, F5 (Popup, 5D)
Batting: LHB Ray Bryant 0-0: Ball
1-0: Ball
2-0: Called Strike
2-1: Ball
3-1: Foul Ball, location: 2F
3-2: Foul Ball, location: 2F
3-2: Base on Balls
Pitching: RHP Sang-joon Pak
Batting: RHB Luis Martínez 0-0: Ball
1-0: Swinging Strike
1-1: Ball
2-1: Called Strike
2-2: Ball
3-2: DOUBLE (Line Drive, 7LD)
Ray Bryant to third
Ray Bryant scores
Batting: LHB Harry Pitts 0-0: Ball
1-0: Called Strike
1-1: Ground out 6-3 (Groundball, 6M)
Top of the 8th over - 1 run(s), 1 hit(s), 0 error(s), 1 left on base; Santa Monica 3 - Vancouver 5
BOTTOM OF THE 8TH
Vancouver Vipers batting - Pitching for Santa Monica Bruins : RHP Esteban Gonzáles
Batting: RHB Alfredo Hernández 0-0: Ball
1-0: Ball
2-0: Called Strike
2-1: Ball
3-1: Base on Balls
Batting: LHB Katsumi Morishita 0-0: Ball
1-0: Sac Bunt - play at first, batter OUT! 1-4
Alfredo Hernández to second
Batting: RHB Oscar Rudd 0-0: Ball
1-0: Ground out 5-3 (Groundball, 5S)
Alfredo Hernández to third
Batting: RHB Lorenzo González 0-0: Intentional Walk
Pinch Hitting: LHB Tanyu Imai 0-0: Ball
1-0: Ball
2-0: Swinging Strike
2-1: Ball
3-1: Base on Balls
Lorenzo González to second
Batting: LHB Larry Howard 0-0: GRAND SLAM HOME RUN (Line Drive, 9D), Distance : 379 ft
Pitching: LHP Leonardo Rodríguez
Batting: RHB Salvador Medine 0-0: Called Strike
0-1: Ball
1-1: Foul Ball, location: 2F
1-2: Ground out 6-3 (Groundball, 56)
Bottom of the 8th over - 4 run(s), 1 hit(s), 0 error(s), 0 left on base; Santa Monica 3 - Vancouver 9
TOP OF THE 9TH
Santa Monica Bruins batting - Pitching for Vancouver Vipers : RHP Sang-joon Pak
Now at 1B: Luis Sáenz
Now at 2B: Axel Guimont
Batting: RHB Armando Colón 0-0: Called Strike
0-1: Foul Ball, location: 2F
0-2: Strikes out swinging
Batting: RHB Fletcher Reed 0-0: Foul Ball, location: 2F
0-1: Swinging Strike
0-2: Ball
1-2: Ball
2-2: Ball
3-2: Foul Ball, location: 2F
3-2: Base on Balls
Batting: LHB Victor Howard 0-0: Called Strike
0-1: Ball
1-1: Called Strike
1-2: Foul Ball, location: 2F
1-2: Ball
2-2: Ground out 6-3 (Groundball, 6MS)
Fletcher Reed to second
Batting: RHB Griswold Coleman 0-0: Called Strike
0-1: Swinging Strike
Pickoff Throw to Second - Error! E1
Fletcher Reed to third
0-2: Strikes out swinging
Top of the 9th over - 0 run(s), 0 hit(s), 1 error(s), 1 left on base; Santa Monica 3 - Vancouver 9
Monday, December 5th, 2016 - OOTP Baseball 17.12 Build 75